 Dungeon Crawl Stone Soup version 0.29.1-13-g9f3cf754e1 (webtiles) character file.

Game seed: 4477321571177329101

25 iamoutofideas the Firebug (level 2, 0/15 HPs)
             Began as a Deep Elf Fire Elementalist on Jan 30, 2023.
             Succumbed to an adder's poison
             ... on level 2 of the Dungeon.
             The game lasted 00:01:28 (1363 turns).

iamoutofideas the Firebug (DEFE)                    Turns: 1363, Time: 00:01:29

Health: 0/15       AC:  3    Str:  5    XL:     2   Next: 82%
Magic:  5/8        EV: 11    Int: 19    God:
Gold:   51         SH:  0    Dex: 15    Spells: 4/7 levels left

rFire   . . .      SeeInvis .   (no weapon)
rCold   . . .      Faith    .   (no shield)
rNeg    . . .      Spirit   .   i - +0 leather armour
rPois   .          Reflect  .   (no helmet)
rElec   .          Harm     .   (no cloak)
rCorr   .          Rampage  .   (no gloves)
Will    .....                   (no boots)
Stlth   ++........              (no amulet)
HPRegen 0.05/turn               (no ring)
MPRegen 0.11/turn               (no ring)

@: lethally poisoned (0 -> -3), invisible
A: no striking features
a: no special abilities


You were on level 2 of the Dungeon.
You visited 1 branch of the dungeon, and saw 2 of its levels.

You collected 51 gold pieces.

Inventory:

Hand Weapons
 d - a +3 dagger
Armour
 a - a +0 robe
 i - a +0 leather armour (worn)
 k - an orb of wrath
Scrolls
 c - a scroll of identify {unknown}
 e - 2 scrolls of poison {unknown}
 f - a scroll of vulnerability {unknown}
 h - a scroll of magic mapping {unknown}
 j - a scroll of enchant weapon {unknown}
Potions
 b - a potion of magic


   Skills:
 - Level 2.6 Dodging
 - Level 2.4 Stealth
 + Level 3.4 Spellcasting
 + Level 1.4 Conjurations
 + Level 4.0 Fire Magic


You had 4 spell levels left.
You knew the following spells:

 Your Spells              Type           Power      Damage    Failure   Level
a - Foxfire               Conj/Fire      52%        2x1d6     8%          1
b - Scorch                Fire           36%        2d6       7%          2

Your spell library contained the following spells:

 Spells                   Type           Power      Damage    Failure   Level
 Conjure Flame            Conj/Fire      13%        6-21      24%         3
 Inner Flame              Hex/Fire       11%        N/A       32%         3
 Flame Wave               Conj/Fire      13%        2d6       61%         4


Dungeon Overview and Level Annotations

Branches:
Dungeon (2/15)

Altars:


Message History

An adder is nearby!
An adder is nearby!
An adder is nearby!
Casting: Foxfire (safe; 8% risk of failure)
Confirm with . or Enter, or press ? or * to list all spells.
You conjure some foxfire!
The adder hisses angrily.
The foxfire hits the adder.
The adder is lightly wounded.
Casting: Foxfire (safe; 8% risk of failure)
Confirm with . or Enter, or press ? or * to list all spells.
You conjure some foxfire!
The foxfire hits the adder.
The adder is heavily wounded.
Casting: Foxfire (safe; 8% risk of failure)
Confirm with . or Enter, or press ? or * to list all spells.
You conjure some foxfire!
The foxfire hits the adder.
The adder is almost dead.
The adder bites you. x2
Casting: Foxfire (safe; 8% risk of failure)
Confirm with . or Enter, or press ? or * to list all spells.
There is not enough space to conjure foxfire!
The adder bites you.
Your foxfire dissipates!
The adder closely misses you. The adder attacks as you move away!
The adder bites you. The adder attacks as you move away! The adder bites you.
You are lethally poisoned!
The adder poisons you!
* * * LOW HITPOINT WARNING * * *
You feel sick.
Casting: Foxfire (safe; 8% risk of failure)
Confirm with . or Enter, or press ? or * to list all spells.
You conjure some foxfire!
* * * LOW HITPOINT WARNING * * *
You feel sick. The adder barely misses you. The adder bites you.
* * * LOW HITPOINT WARNING * * *
It was a potion of invisibility.
You fade into invisibility!
You die...

#.......##............
#........'............
#.......##............
#####.####............
#.# #######...... #.#
####### #.#
###########v#
#.........S@#
#.###########


You could see an adder (unable to see you, ally target).

Vanquished Creatures
  A worm (D:2)
  4 bats
  2 endoplasms (D:1)
  4 goblins (D:1)
  2 hobgoblins (D:1)
  A kobold (D:1)
  A quokka (D:2)
  2 ball pythons (D:1)
  2 frilled lizards
  A rat (D:1)
20 creatures vanquished.

Vanquished Creatures (others)
  83 foxfires
83 creatures vanquished.

Grand Total: 103 creatures vanquished

Notes
Turn   | Place    | Note
-------+----------+-------------------------------------------
     0 | D:1      | iamoutofideas the Deep Elf Fire Elementalist began the
                  | quest for the Orb.
     0 | D:1      | Reached XP level 1. HP: 10/10 MP: 6/6
   488 | D:1      | Reached XP level 2. HP: 15/15 MP: 5/8
  1018 | D:2      | Learned a level 2 spell: Scorch
  1142 | D:2      | Reached skill level 4 in Fire Magic
  1363 | D:2      | Succumbed to an adder's poison

Illustrated notes

Levels and vault maps discovered:
D:1:      amcnicky_arrival_feature_with_door, layout_basic
D:2:      layout_basic

Skill      XL: |  1  2 |
---------------+-------+-----
Fire Magic     | 4 |  4.0
Dodging        | |  2.6
Stealth        | |  2.4
Spellcasting   | |  3.4
Conjurations   | |  1.4

Action                   || total
-------------------------++-------
 Cast: Foxfire           ||    54
  Use: Potion            ||     1
Armor: Robe              ||     5
Dodge: Dodged            ||    12
